 Dungeon Crawl Stone Soup version 0.30-a0-374-g95c0257040 (webtiles) character file.

Game seed: 11672991455647723643

135 KennySheep the Shooter (level 4, 0/38 HPs)
             Began as a Demigod Hunter on Nov 25, 2022.
             Slain by a shadow imp (1 damage)
             ... summoned by Natasha
             ... on level 2 of the Dungeon.
             The game lasted 00:04:17 (1275 turns).

KennySheep the Shooter (Demigod Hunter)             Turns: 1275, Time: 00:04:17

Health: 0/38       AC:  4    Str: 11    XL:     4   Next: 66%
Magic:  6/6        EV: 12    Int: 10    God:
Gold:   55         SH:  0    Dex: 25    Spells: 3/3 levels left

rFire   + . .      SeeInvis .    a - +0 arbalest
rCold   + . .      Faith    .    (shield currently unavailable)
rNeg    . . .      Spirit   .    c - +0 leather armour
rPois   +          Reflect  .    e - +0 helmet
rElec   +          Harm     .    (no cloak)
rCorr   +          Rampage  .    (no gloves)
Will    .....                    (no boots)
Stlth   ++........               (no amulet)
HPRegen 1.06/turn                (no ring)
MPRegen 0.10/turn                (no ring)

@: about to teleport, resistant
A: high MP 1, forlorn, divine attributes, agile 1, regeneration 1
a: no special abilities


You were on level 2 of the Dungeon.
You visited 1 branch of the dungeon, and saw 2 of its levels.

You collected 55 gold pieces.

Inventory:

Hand Weapons
 a - a +0 arbalest (weapon)
 b - a +0 great sword
 k - a +0 shortbow
Armour
 c - a +0 leather armour (worn)
 e - a +0 helmet (worn)
Jewellery
 n - a ring of flight
 o - a +4 ring of protection
Scrolls
 d - a scroll of torment {unknown}
 f - a scroll of poison {unknown}
 g - a scroll of immolation
 h - 2 scrolls of identify
 j - a scroll of vulnerability {unknown}
Potions
 i - a potion of resistance


   Skills:
 + Level 3.0 Fighting
 * Level 5.1 Ranged Weapons
 - Level 1.7 Dodging
 - Level 0.8 Stealth


You had 3 spell levels left.
You didn't know any spells.
Your spell library contained the following spells:

 Spells                   Type           Power      Damage    Failure   Level
 Necrotise                Necr           0%         1d4       45%         1
 Vampiric Draining        Necr           0%         2d6       83%         3
 Agony                    Necr           0%         N/A       100%        5


Dungeon Overview and Level Annotations

Branches:
Dungeon (2/15)

Annotations:
D:1 1 transporter
D:2 Natasha


Innate Abilities, Weirdness & Mutations

You have an increased reservoir of magic. (+10% MP)
You shall have no god before yourself.
Your divine heritage dramatically boosts your attributes as you level up.
You are agile. (Dex +4, Str/Int -1)
Your natural rate of healing is unusually fast.


Message History

You shoot a bolt. The bolt closely misses Natasha.
Natasha closely misses you. The shadow imp barely misses you.
The iron imp hits you. Natasha claws you.
Sorry, you're not good enough to have a special ability.
Unknown command.
You don't know any spells.
Okay, then.
Okay, then.
Fire: a) +0 arbalest
Press: ? - help, Q - select action Shift-Dir - straight line, f/p - Natasha
Aim: Natasha (53% to hit)
You shoot a bolt. The bolt barely misses Natasha.
The shadow imp hits you. Natasha claws you. The iron imp hits you.
The shadow imp hits you.
Okay, then.
It was a potion of resistance.
You feel protected. Natasha claws you. The shadow imp barely misses you.
The iron imp hits you!
* * * LOW HITPOINT WARNING * * *
It was a potion of mutation.
You feel extremely strange.
You feel agile.
You begin to heal more quickly.
The iron imp disappears in a puff of smoke!
Natasha barely misses you. The white imp gestures at you.
The puff of frost misses you. The shadow imp misses you.
As you read the scroll labelled NODWIA NUAQ, it crumbles to dust.
It is a scroll of identify.
m - a scroll of teleportation Natasha closely misses you.
The white imp gestures at you. The puff of frost misses you.
The shadow imp hits you but does no damage.
As you read the scroll of teleportation, it crumbles to dust.
You feel strangely unstable. Natasha claws you.
* * * LOW HITPOINT WARNING * * *
The white imp gestures at you. The puff of frost hits you. You resist.
* * * LOW HITPOINT WARNING * * *
The shadow imp hits you.
You die...

# ########<...........# #
. .................##.# #
########....###.#.##.# #
..........### #.#.##.# #
. ..........# #.#.##.# #
####.
..........#####.#.##.####
....
.(......5.##..........[..
....
.......5.h........)......
##.#
..######@....##'###......
##.# ##.........###.####
.#.# #.........)###.#
...## ##..........'...#
#...#####
#.(.........###†####
##..#... .#
#.#.######..........
....#.# .# #.#.#
#.......... ......# .#
#.#.######..........
####..# .#
#.#.#...##..........


You could see Natasha, a white imp (summoned) and a shadow imp (summoned).

Vanquished Creatures
  Natasha (twice) (D:2)
  4 adders (D:2)
  A gnoll (D:2)
  A dart slug (D:2)
  4 ball pythons
  5 endoplasms
  8 goblins
  4 hobgoblins
  A quokka (D:1)
  2 bats (D:1)
  6 frilled lizards
  4 kobolds
  3 rats
45 creatures vanquished.

Notes
Turn   | Place    | Note
-------+----------+-------------------------------------------
     0 | D:1      | KennySheep the Demigod Hunter began the quest for the Orb.
     0 | D:1      | Reached XP level 1. HP: 17/17 MP: 3/3
   112 | D:1      | Reached XP level 2. HP: 12/24 MP: 4/4
   216 | D:1      | Reached skill level 4 in Ranged Weapons
   765 | D:2      | Reached XP level 3. HP: 29/29 MP: 5/5
   980 | D:2      | Noticed Natasha
   981 | D:2      | Killed Natasha
  1067 | D:2      | Reached XP level 4. HP: 37/37 MP: 6/6
  1119 | D:2      | Noticed Natasha
  1126 | D:2      | Killed Natasha
  1127 | D:2      | Reached skill level 5 in Ranged Weapons
  1263 | D:2      | Noticed Natasha
  1273 | D:2      | Gained mutation: You are agile. (Dex +4, Str/Int -1)
                  | [potion of mutation]
  1273 | D:2      | Gained mutation: Your natural rate of healing is unusually
                  | fast. [potion of mutation]
  1275 | D:2      | HP: 1/38 [white imp/puff of frost[Natasha] (2)]
  1275 | D:2      | Slain by a shadow imp

Illustrated notes

Levels and vault maps discovered:
D:1:      spicycebolla_arrival_transporter_tutorial, layout_rooms,
          hellmonk_ecumenical_altar_zigzags, grunt_decor_junction,
          nrook_loot_triangle
D:2:      minmay_recursive_quarters, layout_basic, uniq_crazy_yiuf_cottage,
          uniq_natasha

Skill      XL: |  1  2  3  4 |
---------------+-------------+-----
Fighting       | 2 3 |  3.0
Ranged Weapons | 4 5 |  5.1
Dodging        | |  1.7
Stealth        | |  0.8

Action                   |  1- 3 |  4- 6 || total
-------------------------+-------+-------++-------
 Fire: Shortbow          |    71 |       ||    71
       Arbalest          |    24 |    20 ||    44
  Use: Scroll            |       |     2 ||     2
       Potion            |       |     2 ||     2
Armor: Leather armour    |     6 |     3 ||     9
Dodge: Dodged            |    26 |    12 ||    38

Table legend: (Time is in decaauts)
 A = Elapsed time spent in this place.
 B = Non-inter-level travel time spent in this place.
 C = Inter-level travel time spent in this place.
 D = Time resting spent in this place.
 E = Time spent auto-exploring this place.
 F = Levels seen in this place.
 G = Mean time per level.
                   A        B        C        D        E       F      G
               +--------+--------+--------+--------+--------+-----+--------+
         Total |   1329 |   1256 |     73 |      0 |    994 |   2 |  664.5 |
       Dungeon |   1329 |   1256 |     73 |      0 |    994 |   2 |  664.5 |
               +--------+--------+--------+--------+--------+-----+--------+

Top non-repeatable levels by time:
     D:1: 697 daAuts
     D:2: 631 daAuts
